 Dungeon Crawl Stone Soup version 0.24.0-123-gd5b16e6ec5 (webtiles) character file.

Game seed: 15390891118013053795, levelgen mode: deterministic

1985 Curus the Cleaver (level 9, -2/82 HPs)
             Began as a Hill Orc Abyssal Knight on Feb 10, 2020.
             Was an Elder of Lugonu.
             Slain by a gnoll
             ... wielding a +0 halberd
              (20 damage)
             ... on level 5 of the Dungeon.
             The game lasted 00:14:39 (3981 turns).

Curus the Cleaver (Hill Orc Abyssal Knight)         Turns: 3981, Time: 00:14:39

Health: -2/82      AC: 14    Str: 18      XL:     9   Next: 21%
Magic:  18/18      EV:  9    Int: 11 (12) God:    Lugonu [****..]
Gold:   236        SH:  0    Dex: 12 (13) Spells: 8/8 levels left

rFire    . . .     SeeInvis .   l - +0 war axe
rCold    . . .     Gourm    .   (no shield)
rNeg     + . .     Faith    .   o - +0 pearl dragon scales
rPois    .         Spirit   .   f - +0 helmet
rElec    .         Reflect  .   (no cloak)
rCorr    .         Harm     +   (no gloves)
MR       ++...                  (no boots)
Stlth    +.........             d - amulet of harm
HPRegen  0.23/turn              s - +5 ring of intelligence
MPRegen  0.16/turn              n - ring "Ylean" {MR++ Str+3 Int-5 Stlth+}

@: no status effects
A: no striking features
a: Depart the Abyss, Bend Space, Banish, Corrupt, Renounce Religion


You were on level 5 of the Dungeon.
You worshipped Lugonu.
Lugonu was greatly pleased with you.
You were not hungry.

You visited 1 branch of the dungeon, and saw 5 of its levels.
You visited the Abyss 1 time.

You collected 236 gold pieces.

Inventory:

Hand Weapons
 a - a +2 hand axe
 l - a +0 war axe (weapon)
Armour
 b - a +0 leather armour
 f - a +0 helmet (worn)
 g - a +0 ring mail
 j - a +1 hat
 o - +0 pearl dragon scales (worn)
Jewellery
 d - an amulet of harm (around neck)
 i - an uncursed ring of magical power
 n - the ring "Ylean" (right hand) {MR++ Str+3 Int-5 Stlth+}
   (You took it off an orc on level 4 of the Dungeon)

   [ring of strength]

   It affects your strength (+3).
   It affects your intelligence (-5).
   It affects your resistance to hostile enchantments.
   It makes you more stealthy.
 r - an uncursed ring of protection from magic
 s - a +5 ring of intelligence (left hand)
Wands
 k - a wand of flame (17)
Scrolls
 e - 5 scrolls of identify
 m - 2 scrolls of remove curse
 p - a scroll of teleportation
Potions
 h - a potion of heal wounds
 q - a potion of haste
 t - a potion of brilliance
Comestibles
 c - 12 rations


   Skills:
 - Level 8.8 Fighting
 * Level 13.1 Axes
 - Level 7.6 Armour
 - Level 0.7 Dodging
 + Level 12.9 Invocations


You had 8 spell levels left.
You didn't know any spells.
Your spell library contained the following spells:

 Spells                   Type           Power        Failure   Level  Hunger
 Animate Skeleton         Necr           N/A          77%         1    ##.....
 Pain                     Necr           #...         77%         1    ##.....
 Regeneration             Chrm/Necr      #.........   98%         3    ####...
 Vampiric Draining        Necr           #.........   98%         3    ####...
 Animate Dead             Necr           N/A          100%        4    #####..


Dungeon Overview and Level Annotations

Branches:
Dungeon (5/15)             Temple (0/1) D:4

Altars:
Gozag
Hepliaklqana


Message History

You hit the gnoll.
The gnoll is lightly wounded.
You slash the gnoll! The gnoll hits you with a +0 halberd!
* * * LOW HITPOINT WARNING * * *
The gnoll closely misses you.
You barely miss the gnoll.
The gnoll is lightly wounded.
You hit the gnoll. The gnoll closely misses you.
The gnoll hits you with a +0 halberd.
* * * LOW HITPOINT WARNING * * *
You hit the gnoll.
The gnoll is severely wounded.
You hit the gnoll.
You kill the gnoll!
Lugonu accepts your kill.
Unknown command.
You closely miss the gnoll.
The gnoll is severely wounded.
The gnoll hits you with a +0 halberd!
You die...

# #...# ............ #
##### ######..#........
# #....#..######### ##
########....#..# <#
............##>#########
.####
.........###............
.'...'. .........#
#............ .#####.
.........# #............
.# ......)@.#
#............ ##
......g).# #........†...
.......).###............
.........'.'....<.......
.........###............
...........'............
.........###............
.........# #............
######'## #............


You could see a gnoll.

Vanquished Creatures
  Grinder (D:3)
  2 ogres
  An orc priest (D:4)
  3 orc wizards
  An iguana (D:5)
  3 worker ants
  A worker ant zombie (D:5)
  3 gnolls (D:5)
  5 adders
  A shadow imp (D:5)
  3 oozes
  An adder skeleton (D:4)
  3 worms
  2 dart slugs
  A leopard gecko (D:2)
  14 orcs
  4 bats (D:1)
  3 giant cockroaches
  4 goblins
  10 hobgoblins
  15 jackals
  9 kobolds
  2 quokkas
  4 ball pythons
  7 frilled lizards
  2 jackal skeletons
  10 rats
115 creatures vanquished.

Notes
Turn   | Place    | Note
-------+----------+-------------------------------------------
     0 | Abyss:1  | Curus the Hill Orc Abyssal Knight began the quest for the
                  | Orb.
     0 | Abyss:1  | Reached XP level 1. HP: 19/19 MP: 2/2
    39 | D:1      | Escaped the Abyss
   103 | D:1      | Reached skill level 3 in Axes
   131 | D:1      | Reached XP level 2. HP: 23/26 MP: 4/4
   272 | D:1      | Reached XP level 3. HP: 29/31 MP: 5/5
   876 | D:2      | Reached ** piety under Lugonu
   876 | D:2      | Reached skill level 4 in Axes
  1165 | D:2      | Reached XP level 4. HP: 8/39 MP: 7/7
  1839 | D:3      | Noticed Grinder
  1858 | D:3      | Reached skill level 5 in Axes
  1861 | D:3      | Reached XP level 5. HP: 32/45 MP: 8/8
  1862 | D:3      | Reached *** piety under Lugonu
  1869 | D:3      | Paralysed by Grinder for 7 turns
  1878 | D:3      | Paralysed by Grinder for 3 turns
  1896 | D:4      | Reached skill level 5 in Invocations
  1977 | D:4      | Found an opulent altar of Gozag.
  2079 | D:4      | Found a hazy altar of Hepliaklqana.
  2080 | D:4      | Noticed an ogre
  2090 | D:4      | Killed an ogre
  2090 | D:4      | Reached XP level 6. HP: 4/51 MP: 10/10
  2298 | D:4      | Identified the ring "Ylean" {MR++ Str+3 Int-5 Stlth+}
  2309 | D:4      | Reached skill level 6 in Axes
  2585 | D:4      | Found a staircase to the Ecumenical Temple.
  2806 | D:3      | Reached skill level 12 in Axes
  2806 | D:3      | Reached XP level 7. HP: 57/57 MP: 16/16
  2932 | D:3      | Killed Grinder
  2932 | D:3      | Reached skill level 13 in Axes
  2932 | D:3      | Reached XP level 8. HP: 64/64 MP: 17/17
  3005 | D:3      | Reached XP level 9. HP: 82/82 MP: 18/18
  3326 | D:5      | Entered Level 5 of the Dungeon
  3975 | D:5      | Reached **** piety under Lugonu
  3981 | D:5      | Slain by a gnoll

Levels and vault maps discovered:
D:1:      scummos_arrival_star, layout_loops_ring, minivault_4,
          chequers_mini_garden
D:2:      layout_basic, first_ration, minmay_liquid_box,
          chequers_serial_rivers_micro_e, minmay_circled_x
D:3:      layout_basic, chequers_jeans, uniq_grinder
D:4:      layout_basic, nicolae_overflow_hidden_temple, temple_statues,
          st_stairs_8, nicolae_gozag_seed_capital
D:5:      layout_basic, st_stairs_1

Skill      XL: |  1  2  3  4  5  6  7  8 |
---------------+-------------------------+-----
Axes           | 3 4 5 12 13 | 13.1
Invocations    | 3 4 5 12 | 12.9
Fighting       | 8 |  8.8
Armour         | 7 |  7.6
Dodging        | |  0.7

Action                   |  1- 3 |  4- 6 |  7- 9 || total
-------------------------+-------+-------+-------++-------
Melee: Hand axe          |   127 |    27 |       ||   154
       War axe           |       |    98 |    93 ||   191
Evoke: Wand              |       |     1 |       ||     1
  Use: Potion            |     6 |     3 |     2 ||    11
       Scroll            |     4 |     3 |     2 ||     9
  Eat: Chunk             |     1 |     5 |     4 ||    10
Armor: Leather armour    |    18 |       |       ||    18
       Ring mail         |    28 |    24 |       ||    52
       Pearl dragon scal |       |    30 |    35 ||    65
Dodge: Dodged            |    59 |    52 |    34 ||   145
